 Dungeon Crawl Stone Soup version 0.26-a0-651-gb41185065b (webtiles) character file.

Game seed: 15382757895502696763

60 ipx the Chopper (level 3, -3/31 HPs)
             Began as a Minotaur Fighter on Oct 14, 2020.
             Slain by a gnoll shaman
             ... wielding a +0 whip
              (5 damage)
             ... on level 4 of the Dungeon.
             The game lasted 00:06:00 (729 turns).

ipx the Chopper (Minotaur Fighter)                   Turns: 729, Time: 00:06:01

Health: -3/31      AC:  6    Str: 20    XL:     3   Next: 82%
Magic:  2/2        EV:  7    Int:  5    God:
Gold:   108        SH:  9    Dex: 10    Spells: 2/2 levels left

rFire    . . .     SeeInvis .   a - +0 war axe
rCold    . . .     Faith    .   c - +0 kite shield
rNeg     . . .     Spirit   .   b - +0 scale mail
rPois    .         Reflect  .   (helmet restricted)
rElec    .         Harm     .   (no cloak)
rCorr    .         Rampage  .   (no gloves)
MR       .....                  (no boots)
Stlth    +.........             (no amulet)
HPRegen  0.10/turn              f - ring of stealth
MPRegen  0.08/turn              (no ring)

@: mighty
A: retaliatory headbutt, horns 2
a: no special abilities


You were on level 4 of the Dungeon.
You visited 1 branch of the dungeon, and saw 4 of its levels.

You collected 108 gold pieces.

Inventory:

Hand Weapons
 a - a +0 war axe (weapon)
Armour
 b - a +0 scale mail (worn)
 c - a +0 kite shield (worn)
Jewellery
 f - a ring of stealth (left hand)
Scrolls
 e - a scroll of fog {unknown}
 g - a scroll of remove curse {unknown}
 h - 3 scrolls of teleportation {unknown}
 j - a scroll of fear {unknown}
 m - 2 scrolls of identify {unknown}
Potions
 i - a potion of stabbing {unknown}
 k - a potion of degeneration {unknown}
 l - a potion of flight {unknown}


   Skills:
 - Level 3.6 Fighting
 + Level 5.1 Axes
 - Level 3.6 Armour
 - Level 3.6 Shields


You had 2 spell levels left.
You didn't know any spells.
Your spell library was empty.

Dungeon Overview and Level Annotations

Branches:
Dungeon (4/15)
 Temple: D:4-7

Altars:
The Shining One


Innate Abilities, Weirdness & Mutations

You reflexively headbutt those who attack you in melee.
You have a pair of horns on your head.


Message History

You block the gnoll's attack.
You slash the gnoll!
The gnoll is almost dead.
You closely miss the leopard gecko. The gnoll closely misses you.
You block the leopard gecko's attack.
A gnoll comes into view.
You slash the gnoll!
You kill the gnoll!
Your Axes skill increases to level 5!
You closely miss the gnoll shaman. You barely miss the leopard gecko.
You block the leopard gecko's attack.
The gnoll hits you from afar with a +0 spear.
* * * LOW HITPOINT WARNING * * *
The gnoll shaman hits you with a +0 whip.
* * * LOW HITPOINT WARNING * * *
The leopard gecko bites you.
* * * LOW HITPOINT WARNING * * *
The gnoll hits you but does no damage.
The gnoll shaman hits you with a +0 whip.
You die...

### ..# #g# #g# # .#
#g###.#..# #g#......#
########.@l.....#
########...............#
#......'...............+
#.######...............#
#.# #...............#
#.# #..............##
#.# ######.........# #.#
#.........# #.#
######.........######


You could see a gnoll shaman, 3 gnolls and a leopard gecko.

Vanquished Creatures
  A gnoll (D:4)
  An adder (D:3)
  2 worms (D:3)
  A dart slug (D:1)
  A leopard gecko (D:2)
  3 giant cockroaches
  2 hobgoblins
  7 jackals
  6 kobolds
  4 bats
  A frilled lizard (D:3)
  3 rats
32 creatures vanquished.

Notes
Turn   | Place    | Note
-------+----------+-------------------------------------------
     0 | D:1      | ipx the Minotaur Fighter began the quest for the Orb.
     0 | D:1      | Reached XP level 1. HP: 19/19 MP: 0/0
    40 | D:1      | Reached skill level 3 in Axes
    42 | D:1      | Reached XP level 2. HP: 26/26 MP: 1/1
   305 | D:2      | Reached skill level 4 in Axes
   337 | D:2      | Found a glowing golden altar of the Shining One.
   490 | D:3      | Reached XP level 3. HP: 19/31 MP: 2/2
   729 | D:4      | Reached skill level 5 in Axes
   729 | D:4      | Slain by a gnoll shaman

Illustrated notes

Levels and vault maps discovered:
D:1:      lightli_arrival_noodles, layout_rooms, minmay_hexomino_c4
D:2:      layout_loops_ring, lemuel_coloured_pillars_altar
D:3:      layout_loops_ring, kennysheep_path_1
D:4:      layout_basic, lemuel_crystal_altar

Skill      XL: |  1  2  3 |
---------------+----------+-----
Axes           | 3 4 5 |  5.1
Fighting       | |  3.6
Armour         | |  3.6
Shields        | |  3.6

Action                   || total
-------------------------++-------
Melee: War axe           ||    89
       Headbutt          ||    11
  Use: Potion            ||     1
Armor: Scale mail        ||    41
Dodge: Dodged            ||    26
Block: Kite shield       ||    39

Table legend: (Time is in decaauts)
 A = Elapsed time spent in this place.
 B = Non-inter-level travel time spent in this place.
 C = Inter-level travel time spent in this place.
 D = Time resting spent in this place.
 E = Time spent auto-exploring this place.
 F = Levels seen in this place.
 G = Mean time per level.
                   A        B        C        D        E       F      G
               +--------+--------+--------+--------+--------+-----+--------+
         Total |    762 |    762 |      0 |      0 |      0 |   4 |  190.5 |
       Dungeon |    762 |    762 |      0 |      0 |      0 |   4 |  190.5 |
               +--------+--------+--------+--------+--------+-----+--------+

Top non-repeatable levels by time:
     D:2: 317 daAuts
     D:3: 208 daAuts
     D:4: 155 daAuts
     D:1: 80 daAuts
